 Dungeon Crawl Stone Soup version 0.32-a0-876-gcfddb08e57 (webtiles) character file.

Game seed: 6565545559587965390

133 smashvw the Shield-Bearer (level 4, -1/41 HPs)
             Began as a Minotaur Fighter on Mar 31, 2024.
             Incinerated by a bombardier beetle (5 damage)
             ... with a burning spray
             ... on level 3 of the Dungeon.
             The game lasted 00:02:43 (1692 turns).

smashvw the Shield-Bearer (Minotaur Fighter)        Turns: 1692, Time: 00:02:44

Health: -1/41      AC: 11    Str: 22    XL:     4   Next: 94%
Magic:  3/3        EV:  8    Int:  5    God:
Gold:   7          SH:  4    Dex: 10    Spells: 3/3 levels left

rFire   . . .        h - +1 spear (freeze)
rCold   . . .        c - +0 buckler
rNeg    . . .        b - +0 scale mail
rPois   .            (helmet restricted)
rElec   .            (no cloak)
rCorr   .            (no gloves)
SInv    .            (no boots)
Will    .....        (no amulet) Stlth
                     k - +4 ring of protection
HPRegen 0.26/turn    (no ring)
MPRegen 0.08/turn

%: no passive effects
@: on fire, glowing
A: horns 2, retaliatory headbutt
a: no special abilities


You were on level 3 of the Dungeon.
You visited 1 branch of the dungeon, and saw 3 of its levels.

You collected 7 gold pieces.

Inventory:

Hand Weapons
 a - a +0 trident
 h - a +1 spear of freezing (weapon)
Missiles
 i - 2 throwing nets (quivered)
Armour
 b - a +0 scale mail (worn)
 c - a +0 buckler (worn)
Jewellery
 k - a +4 ring of protection (left hand)
Scrolls
 e - 2 scrolls of teleportation {unknown}
 g - a scroll of fear {unknown}
 j - a scroll of immolation {unknown}
Potions
 d - a potion of might
 f - a potion of mutation {unknown}


   Skills:
 + Level 4.6 Fighting
 + Level 3.7 Polearms
 + Level 4.6 Armour
 + Level 4.6 Shields


You had 3 spell levels left.
You didn't know any spells.
Your spell library was empty.

Dungeon Overview and Level Annotations

Branches:
Dungeon (3/15)

Altars:

Shops:
D:3 ?


Innate Abilities, Weirdness & Mutations

You have a pair of horns on your head.
You reflexively headbutt those who attack you in melee.


Message History

You are even more covered in liquid fire!
You reach to attack!
You hit the bombardier beetle but do no damage.
The liquid fire burns you!
You reach to attack!
You hit the bombardier beetle. You freeze the bombardier beetle.
The bombardier beetle is moderately wounded.
The liquid fire burns you!
The bombardier beetle sprays incendiary fluid at you.
The burning spray hits you.
You are even more covered in liquid fire!
You reach to attack!
You hit the bombardier beetle. You freeze the bombardier beetle.
The bombardier beetle is almost dead.
The liquid fire burns you!
You are too injured to fight recklessly!
You are too injured to fight recklessly!
You are too injured to fight recklessly!
You are too injured to fight recklessly!
You are too injured to fight recklessly!
You barely miss the bombardier beetle.
The bombardier beetle is almost dead.
The liquid fire burns you!
You hit the bombardier beetle. You freeze the bombardier beetle.
The bombardier beetle is almost dead.
The liquid fire burns you!
The bombardier beetle bites you but does no damage.
You hit the bombardier beetle. You freeze the bombardier beetle.
You kill the bombardier beetle!
The liquid fire burns you!
* * * LOW HITPOINT WARNING * * *
You shake off some of the fire as you move.
The liquid fire burns you!
* * * LOW HITPOINT WARNING * * *
You shake off some of the fire as you move.
The liquid fire burns you!
* * * LOW HITPOINT WARNING * * *
You shake off some of the fire as you move.
The liquid fire burns you!
You die...

........#
........#
.......|#
........####
.....?....#
........#
#....:#
#.....#
#∩..@.#
#.....#
#...†.#
#.....#
#.....#
#.....#
#......
#......#
######.#


There were no monsters in sight!

Vanquished Creatures
  A bombardier beetle (D:3)
  Jessica (D:2)
  Robin (D:2)
  An adder (D:2)
  6 ball pythons
  2 endoplasms
  A giant cockroach (D:3)
  10 goblins
  8 hobgoblins
  2 jackals (D:1)
  2 kobolds
  3 quokkas
  5 bats
  2 frilled lizards
  2 rats (D:1)
47 creatures vanquished.

Notes
Turn   | Place    | Note
-------+----------+-------------------------------------------
     0 | D:1      | smashvw the Minotaur Fighter began the quest for the Orb.
     0 | D:1      | Reached XP level 1. HP: 19/19 MP: 0/0
   312 | D:1      | Reached XP level 2. HP: 27/27 MP: 1/1
   374 | D:1      | You fall into a shaft and drop 1 floor!
   946 | D:2      | Reached XP level 3. HP: 31/33 MP: 2/2
  1051 | D:2      | Noticed Robin
  1067 | D:2      | Killed Robin
  1275 | D:2      | Noticed Jessica
  1279 | D:2      | Killed Jessica
  1280 | D:2      | Reached XP level 4. HP: 41/41 MP: 3/3
  1670 | D:3      | Found Zeax's Magic Scroll Shoppe.
  1692 | D:3      | Incinerated by a bombardier beetle

Illustrated notes

Levels and vault maps discovered:
D:1:      dpeg_arrival_round_a, layout_loops_corners
D:2:      layout_loops_corners, uniq_robin, uniq_jessica
D:3:      cheibrodos_fertilizer, layout_basic, nicolae_wu_jian_glorious_leap,
          serial_shops, shop_fountains, shop, shop_coins,
          hellmonk_guarded_unrand_hermit

Skill      XL: |  1  2 |
---------------+-------+-----
Shields        | 4 |  4.6
Armour         | 4 |  4.6
Fighting       | 4 |  4.6
Polearms       | 3 |  3.7

Action                     |  1- 3 |  4- 6 || total
---------------------------+-------+-------++-------
  Melee: Trident           |    11 |       ||    11
         Spear             |    63 |    30 ||    93
         Headbutt          |     8 |     2 ||    10
 Armour: Scale mail        |    22 |     5 ||    27
  Dodge: Dodged            |    18 |     2 ||    20
  Block: Buckler           |    12 |     7 ||    19

Table legend: (Time is in decaauts)
 A = Elapsed time spent in this place.
 B = Non-inter-level travel time spent in this place.
 C = Inter-level travel time spent in this place.
 D = Time resting spent in this place.
 E = Time spent auto-exploring this place.
 F = Levels seen in this place.
 G = Mean time per level.
                   A        B        C        D        E       F      G
               +--------+--------+--------+--------+--------+-----+--------+
         Total |   1690 |   1641 |     49 |      0 |   1444 |   3 |  563.3 |
       Dungeon |   1690 |   1641 |     49 |      0 |   1444 |   3 |  563.3 |
               +--------+--------+--------+--------+--------+-----+--------+

Top non-repeatable levels by time:
     D:1: 865 daAuts
     D:2: 804 daAuts
     D:3: 20 daAuts
